 Dungeon Crawl Stone Soup version 0.31-a0-986-g5e6e4ef867 (webtiles) character file.

Game seed: 433068250148639536

592 sokol815 the Poker (level 7, 0/49 HPs)
             Began as an Octopode Gladiator on Nov 12, 2023.
             Was an Initiate of Gozag.
             Slain by an ice beast (6 damage)
             ... on level 5 of the Dungeon.
             The game lasted 00:06:02 (3613 turns).

sokol815 the Poker (Octopode Gladiator)             Turns: 3613, Time: 00:06:03

Health: 0/49       AC:  8    Str: 16    XL:     7   Next: 39%
Magic:  7/7        EV: 13    Int:  7    God:    Gozag
Gold:   201        SH:  0    Dex: 13    Spells: 6/6 levels left

rFire   + + +        a - +3 hand axe of Autumn {protect, rPois rF+++ Int-3}
rCold   . . .        (no shield)
rNeg    . . .        b - +0 hat
rPois   +            h - amulet of the acrobat
rElec   .            (no ring)
rCorr   .            (no ring)
SInv    .            (no ring)
Will    .....        (no ring)
Stlth   ++           (no ring)
HPRegen 0.28/turn    (no ring)
MPRegen 0.10/turn    (no ring)
                     (no ring)

%: acrobat
@: under a protective aura
A: almost no armour, amphibious, 8 rings, camouflage 1, gelatinous body 1,
(nimble swimmer 1), tentacles
a: Renounce Religion, Potion Petition, Call Merchant, Bribe Branch


You were on level 5 of the Dungeon.
You worshipped Gozag.
Gozag was aware of your devotion.
You visited 2 branches of the dungeon, and saw 6 of its levels.

You collected 286 gold pieces.
You paid 85 gold pieces to Gozag.

Inventory:

Hand Weapons
 a - the +3 hand axe of Autumn (weapon) {protect, rPois rF+++ Int-3}
   (You found it on level 4 of the Dungeon)

   Int-3:     It affects your intelligence (-3).
   rF+++:     It renders you almost immune to fire.
   rPois:     It protects you from poison
 e - a +1 short sword of electrocution
   (You took it off a kobold on level 2 of the Dungeon)
 g - a +0 short sword of flaming
   (You took it off an orc on level 3 of the Dungeon)
 i - a +1 heavy spear
   (You took it off a gnoll sergeant on level 5 of the Dungeon)
 l - the +2 dagger of Execution {venom, rCorr Int-3 Dex+2}
   (You found it on level 2 of the Dungeon)

   Int-3:     It affects your intelligence (-3).
   Dex+2:     It affects your dexterity (+2).
   rCorr:     It protects you from acid and corrosion.
 n - a +0 dagger of speed
   (You took it off a kobold brigand on level 3 of the Dungeon)
 o - a +2 trident of venom
Missiles
 c - 7 throwing nets {!d}
 d - a javelin
 m - 14 poisoned darts
 p - 2 atropa-tipped darts
 s - 51 stones
Armour
 b - a +0 hat (worn)
Magical Staves
 f - a staff of air {rElec}
   (You found it on level 3 of the Dungeon)
 r - a staff of poison {rPois}
   (You found it on level 5 of the Dungeon)
Jewellery
 h - an amulet of the acrobat (around mantle)
   (You found it on level 3 of the Dungeon)
Scrolls
 k - a scroll of fear {unknown}
 q - a scroll of enchant weapon
 Y - a scroll of teleportation {@r3}
Potions
 j - 2 potions of attraction {!q}
 J - a potion of curing {@q1}


   Skills:
 + Level 4.8 Fighting
 * Level 3.1(5.0) Axes
 - Level 6.0(6.4) Polearms
 - Level 2.0 Throwing
 - Level 3.0 Dodging


You had 6 spell levels left.
You didn't know any spells.
Your spell library contained the following spells:

 Spells                   Type           Power      Damage    Failure   Level
 Sting                    Tmut/Pois      0%         1d3       43%         1
 Poisonous Vapours        Pois/Air       0%         N/A       56%         2
 Olgreb's Toxic Radiance  Pois           0%         N/A       99%         4


Dungeon Overview and Level Annotations

Branches:
Dungeon (5/15) Zot: 26387  Temple (1/1) D:5 Zot: 5981

Altars:
Ashenzari
Dithmenos
Elyvilon
Fedhas
Gozag
Hepliaklqana
Kikubaaqudgha
Makhleb
Nemelex Xobeh
Okawaru
Qazlal
Ru
Sif Muna
Trog
Uskayaw
Vehumet
Wu Jian
Xom
Yredelemnul
Zin


Innate Abilities, Weirdness & Mutations

You cannot wear most types of armour.
You are amphibious.
You can wear up to eight rings at the same time.
Your skin changes colour to match your surroundings (Stealth+).
Your rubbery body absorbs attacks. (AC +1, EV +1)
((You are camouflaged when in or above water. (Stealth+)))
You have tentacles for arms and can constrict up to eight enemies at once.


Message History

You see here a scroll of teleportation {@r3}.
Y - a scroll of teleportation {@r3}
Found a hide-covered altar of Uskayaw.
The orc shouts!
You hear a shout!
The orc shouts!
An orc wizard comes into view. It is wielding a +0 dagger.
The orc wizard points at you and mumbles some strange words.
The puff of flame misses you.
You enter the deep water.
The orc completely misses you.
You slash the orc!
Your weapon exudes an aura of protection.
You kill the orc!
Found a stone staircase leading down.
The orc wizard casts a spell.
The orc wizard flickers and vanishes!
Deactivating autopickup; reactivate with Ctrl-A.
You see here a +0 whip.
You hit the orc but do no damage.
Your weapon exudes an aura of protection.
You grab the orc. You constrict the orc. The orc barely misses you.
You hit the orc but do no damage. You hit something. You constrict the orc.
The orc hits you with a +0 mace. Something hits you.
You take 7 damage, and have 42/49 hp.
You hit the orc but do no damage. You barely miss something.
You constrict the orc. The orc barely misses you.
Something hits you but does no damage. The orc hits you with a +0 mace.
You take 3 damage, and have 39/49 hp.
You hit the orc.
You kill the orc!
You closely miss something. Something hits you but does no damage.
You closely miss something. Your squeeze misses something.
Something hits you but does no damage.
You slash something! Something hits you but does no damage.
You hit something. Your squeeze misses something.
You hear some strange, mumbled words.
A puff of flame appears from out of thin air!
The puff of flame misses you.
You hit something.
Reactivating autopickup.
You feel a bit more experienced.
Things that are here:
a +0 dagger; a +0 robe; an orc corpse You enter the deep water.
Found a shiny ring mail.
Health restored: 49 You now have 286 gold pieces (gained 15).
r - a staff of poison {rPois}
Okay, then.
Found a staircase to the Ecumenical Temple.
An ice beast and a hound come into view.
There is a staircase to the Ecumenical Temple here.
You climb downwards.
Welcome to the Ecumenical Temple!
Found fifteen altars.
Found a staircase back to the Dungeon.
There is a staircase back to the Dungeon here.
Found an opulent altar of Gozag and a sparkling altar of Nemelex Xobeh.
There is a broken altar of Ashenzari here.
There is an ancient bone altar of Kikubaaqudgha here.
There is a shimmering altar of Xom here.
There is an ornate altar of the Wu Jian Council here.
There is a blossoming altar of Fedhas here.
There is an opulent altar of Gozag here.
You curl up in front of the altar of Gozag.
Gozag welcomes you!
You pay a service fee of 85 gold.
There is a stormy altar of Qazlal here.
There is a staircase back to the Dungeon here.
You climb upwards.
Welcome back to the Dungeon!
There is a staircase to the Ecumenical Temple here.
There are monsters nearby!
The ice beast completely misses you.
You closely miss the ice beast. The ice beast barely misses you.
You barely miss the ice beast.
You squeeze the ice beast, but do no damage.
The ice beast hits you. The ice beast freezes you!
You take 15 damage, and have 34/49 hp.
MASSIVE DAMAGE!!
You hit the ice beast but do no damage.
Your weapon exudes an aura of protection.
The ice beast closely misses you.
You slash the ice beast! You squeeze the ice beast.
The ice beast hits you but does no damage.
You hit the ice beast. You squeeze the ice beast!
The ice beast closely misses you.
Unknown command.
You hit the ice beast. The ice beast hits you. The ice beast freezes you!
The ice beast hits you. The ice beast freezes you.
You take 17 damage, and have 18/49 hp.
MASSIVE DAMAGE!!
You barely miss the ice beast. The ice beast closely misses you.
You barely miss the ice beast.
The hound barks!
The ice beast hits you. The ice beast freezes you!
* * * LOW HITPOINT WARNING * * *
You take 10 damage, and have 8/49 hp.
MASSIVE DAMAGE!!
You closely miss the ice beast. The ice beast hits you.
* * * LOW HITPOINT WARNING * * *
The ice beast freezes you.
You die...
Your body crumbles into a pile of gold.

#...#..........#
#......########
.....###...#
.... #.⌠.#
##...###...####
#............#
#....⌠..>..⌠.#
#....h.......#
#...###.@.####
#... #.Y.# ##.
#...# # ..###
####


You could see an ice beast and a hound.

Vanquished Creatures
  Sigmund (D:2)
  A kobold brigand (D:3)
  A scorpion (D:5)
  A gnoll sergeant (D:5)
  2 iguanas
  An orc wizard (D:5)
  4 adders
  3 gnolls (D:5)
  A shadow imp (D:5)
  9 orcs
  7 ball pythons
  5 endoplasms
  6 giant cockroaches
  8 goblins
  8 hobgoblins
  20 kobolds
  5 quokkas
  8 bats
  6 frilled lizards
  8 rats
105 creatures vanquished.

Notes
Turn   | Place    | Note
-------+----------+-------------------------------------------
     0 | D:1      | sokol815 the Octopode Gladiator began the quest for the
                  | Orb.
     0 | D:1      | Reached XP level 1. HP: 14/14 MP: 1/1
    92 | D:1      | Reached XP level 2. HP: 18/19 MP: 2/2
   505 | D:1      | Reached XP level 3. HP: 25/25 MP: 3/3
   916 | D:2      | Reached skill level 4 in Polearms
   917 | D:2      | Identified the +2 dagger of Execution {venom, rCorr Int-3
                  | Dex+2}
   968 | D:2      | Found a hazy altar of Hepliaklqana.
  1211 | D:2      | Noticed Sigmund
  1469 | D:2      | Killed Sigmund
  1470 | D:2      | Reached skill level 3 in Fighting
  1470 | D:2      | Reached skill level 5 in Polearms
  1470 | D:2      | Reached XP level 4. HP: 28/33 MP: 4/4
  1470 | D:2      | Reached XP level 5. HP: 31/37 MP: 5/5
  1698 | D:3      | Reached XP level 6. HP: 43/43 MP: 6/6
  2228 | D:3      | Reached skill level 4 in Fighting
  2228 | D:3      | Reached skill level 6 in Polearms
  2555 | D:4      | Identified the +3 hand axe of Autumn {protect, rPois rF+++
                  | Int-3}
  2795 | D:4      | Found a hazy altar of Hepliaklqana.
  2796 | D:4      | Found a burning altar of Makhleb.
  2920 | D:4      | Reached skill level 1 in Axes
  3137 | D:5      | Entered Level 5 of the Dungeon
  3253 | D:5      | Reached skill level 2 in Axes
  3253 | D:5      | Reached XP level 7. HP: 49/49 MP: 7/7
  3286 | D:5      | HP: 11/49 [gnoll/+0 halberd[a gnoll sergeant] (5)]
  3287 | D:5      | HP: 3/49 [gnoll sergeant/+1 heavy spear (9)]
  3298 | D:5      | Reached skill level 3 in Axes
  3474 | D:5      | Found a hide-covered altar of Uskayaw.
  3575 | D:5      | Found a staircase to the Ecumenical Temple.
  3583 | Temple   | Entered the Ecumenical Temple
  3592 | Temple   | Became a worshipper of Gozag Ym Sagoz the Greedy
  3612 | D:5      | HP: 8/49 [ice beast (10)]
  3613 | D:5      | Slain by an ice beast

Illustrated notes

Levels and vault maps discovered:
D:1:      lemuel_arrival_broad_hall, layout_basic
D:2:      layout_basic, basic_altar, uniq_sigmund
D:3:      cheibrodos_thug_alley, layout_loops_ring, wad_orctagon
D:4:      layout_loops_ring, nicolae_overflow_two_pavilions
D:5:      layout_rooms, mainiacjoe_overflow_concentric_impassable,
          minmay_temple_entry_junction, minivault_14
Temple:   sentei_temple_godly_chess

Skill      XL: |  1  2  3  4  5  6  7 |
---------------+----------------------+-----
Polearms       | 5 6 |  6.0
Fighting       | 3 4 |  4.8
Axes           | 2 3 |  3.1
Throwing       | |  2.0
Dodging        | |  3.0

Action                     |  1- 3 |  4- 6 |  7- 9 || total
---------------------------+-------+-------+-------++-------
  Melee: Trident           |    82 |    63 |       ||   145
         Constrict         |    18 |    18 |     7 ||    43
         Tentacles         |     9 |    19 |     5 ||    33
         Punch             |     1 |       |       ||     1
         Hand axe          |       |    22 |    41 ||    63
  Throw: Javelin           |     1 |       |       ||     1
    Use: Scroll            |     6 |     2 |       ||     8
         Potion            |       |       |     3 ||     3
   Stab: Sleeping          |    13 |     8 |       ||    21
         Distracted        |       |     1 |       ||     1
 Armour: Skin              |    17 |    19 |    29 ||    65
  Dodge: Dodged            |    40 |    31 |    41 ||   112

Table legend: (Time is in decaauts)
 A = Elapsed time spent in this place.
 B = Non-inter-level travel time spent in this place.
 C = Inter-level travel time spent in this place.
 D = Time resting spent in this place.
 E = Time spent auto-exploring this place.
 F = Levels seen in this place.
 G = Mean time per level.
                   A        B        C        D        E       F      G
               +--------+--------+--------+--------+--------+-----+--------+
         Total |   3629 |   3381 |    248 |    105 |   2627 |   6 |  604.8 |
       Dungeon |   3611 |   3380 |    231 |    105 |   2627 |   5 |  722.2 |
        Temple |     18 |      1 |     17 |      0 |      0 |   1 |   18.0 |
               +--------+--------+--------+--------+--------+-----+--------+

Top non-repeatable levels by time:
     D:1: 1005 daAuts
     D:3: 933 daAuts
     D:4: 691 daAuts
     D:2: 617 daAuts
     D:5: 364 daAuts
  Temple: 18 daAuts

Levels and vault maps discovered:
D:1:      lemuel_arrival_broad_hall, layout_basic
D:2:      layout_basic, basic_altar, uniq_sigmund
D:3:      cheibrodos_thug_alley, layout_loops_ring, wad_orctagon
D:4:      layout_loops_ring, nicolae_overflow_two_pavilions
D:5:      layout_rooms, mainiacjoe_overflow_concentric_impassable,
          minmay_temple_entry_junction, minivault_14
Temple:   sentei_temple_godly_chess

Table legend: (Time is in decaauts)
 A = Elapsed time spent in this place.
 B = Non-inter-level travel time spent in this place.
 C = Inter-level travel time spent in this place.
 D = Time resting spent in this place.
 E = Time spent auto-exploring this place.
 F = Levels seen in this place.
 G = Mean time per level.
                   A        B        C        D        E       F      G
               +--------+--------+--------+--------+--------+-----+--------+
         Total |   3629 |   3381 |    248 |    105 |   2627 |   6 |  604.8 |
       Dungeon |   3611 |   3380 |    231 |    105 |   2627 |   5 |  722.2 |
        Temple |     18 |      1 |     17 |      0 |      0 |   1 |   18.0 |
               +--------+--------+--------+--------+--------+-----+--------+

Top non-repeatable levels by time:
     D:1: 1005 daAuts
     D:3: 933 daAuts
     D:4: 691 daAuts
     D:2: 617 daAuts
     D:5: 364 daAuts
  Temple: 18 daAuts

Table legend:
 A = Kills in this place as a percentage of kills in the entire game.
 B = Kills by you in this place as a percentage of kills by you in the entire game.
 C = Kills by friends in this place as a percentage of kills by friends in the entire game.
 D = Other kills in this place as a percentage of other kills in the entire game.
 E = Experience gained in this place as a percentage of experience gained in the entire game.
 F = Experience gained in this place divided by the number of levels of this place that you have seen.
                   A       B       C       D       E      F
               +-------+-------+-------+-------+-------+----------------------
         Total | 100.0 | 100.0 |   N/A |   N/A | 100.0 | 141.0
       Dungeon | 100.0 | 100.0 |   N/A |   N/A | 100.0 | 169.2
               +-------+-------+-------+-------+-------+----------------------
